 Dungeon Crawl Stone Soup version 0.17.2-1-ge4368a0 (webtiles) character file.

162 ololoev the Chopper (level 5, 0/41 HPs)
             Began as a Demonspawn Berserker on July 26, 2016.
             Was a Follower of Trog.
             Succumbed to a scorpion's poison
             ... on level 3 of the Dungeon.
             The game lasted 00:01:43 (287 turns).

ololoev the Chopper (Demonspawn Berserker)           Turns: 287, Time: 00:01:44

Health: 0/41       AC:  5    Str: 18    XL:     5   Next: 19%
Magic:  5/5        EV: 12    Int:  9    God:    Trog [*.....]
Gold:   29         SH:  3    Dex: 12    Spells: 0 memorised, 4 levels left

rFire  . . .     SeeInvis .     a - +0 hand axe
rCold  . . .     Clarity  .     b - +0 animal skin
rNeg   . . .     SustAt   .     (no shield)
rPois  .         Gourm    .     (no helmet)
rElec  .         Spirit   .     (no cloak)
rCorr  .         Warding  .     (no gloves)
rMut   .         Stasis   .     (no boots)
MR     .....                    (no amulet)
Stlth  +.........               (no ring)
                                (no ring)

@: lethally poisoned (0 -> -5), exhausted, slowed, very slow, not resistant to
hostile enchantments, very unstealthy
A: talons 1, large bone plates 2
a: Berserk, Burn Spellbooks, Renounce Religion


Innate Abilities, Weirdness & Mutations

You have sharp toenails.
You are mostly covered in large bone plates (AC +3, SH +3).

Inventory:

Hand Weapons
 a - a +0 hand axe (weapon)
Armour
 b - a +0 animal skin (worn)
Scrolls
 e - a scroll of remove curse {unknown}
 f - a scroll of noise {unknown}
 g - a scroll of identify {unknown}
Potions
 d - a potion of lignification {unknown}
Comestibles
 c - a bread ration
 h - 2 chunks of flesh


   Skills:
 - Level 3.0 Fighting
 * Level 4.7 Axes
 + Level 3.0 Armour
 - Level 1.7 Dodging


You had 4 spell levels left.
You didn't know any spells.


You were on level 3 of the Dungeon.
You worshipped Trog.
Trog was aware of your devotion.
You were not hungry.

You visited 1 branch of the dungeon, and saw 3 of its levels.

You collected 29 gold pieces.

. .. ...
.... .....
......####
.........#
#...####s#
# #@#
#†..#
....#
.......
#........
#.......##
###(..###
....#

Notes
Turn   | Place    | Note
--------------------------------------------------------------
     0 | D:1      | ololoev the Demonspawn Berserker began the quest for the Orb.
     0 | D:1      | Reached XP level 1. HP: 18/18 MP: 1/1
   237 | D:2      | Noticed Sigmund
   251 | D:2      | Killed Sigmund
   251 | D:2      | Reached skill level 4 in Axes
   251 | D:2      | Gained mutation: You have sharp toenails. [demonic ancestry]
   251 | D:2      | Reached XP level 2. HP: 22/24 MP: 2/2
   251 | D:2      | Gained mutation: You are partially covered in large bone plates (AC +2, SH +2). [demonic ancestry]
   251 | D:2      | Reached XP level 3. HP: 26/29 MP: 3/3
   251 | D:2      | Gained mutation: You are mostly covered in large bone plates (AC +3, SH +3). [demonic ancestry]
   251 | D:2      | Reached XP level 4. HP: 31/35 MP: 4/4
   251 | D:2      | Reached XP level 5. HP: 36/41 MP: 5/5
   264 | D:2      | Found a stormy altar of Qazlal.
   269 | D:2      | You fall through a shaft!
   285 | D:3      | HP: 1/41 [scorpion (7)]
   287 | D:3      | Succumbed to a scorpion's poison

Dungeon Overview and Level Annotations

Branches:
Dungeon (3/15)

Altars:
Qazlal


Message History

The scorpion barely misses you.
Unknown command.
You hit the scorpion but do no damage.
You claw the scorpion, but do no damage.
The scorpion is moderately wounded.
The bat closely misses you. The scorpion misses you.
Unknown command.
You hit the scorpion.
You claw the scorpion, but do no damage.
The scorpion is moderately wounded.
The bat hits you but does no damage.
The scorpion stings you but does no damage. x2
Unknown command.
You hit the scorpion but do no damage.
You claw the scorpion, but do no damage.
The scorpion is moderately wounded.
The bat barely misses you. The scorpion stings you.
You are poisoned.
The scorpion poisons you!
The scorpion stings you but does no damage.
You hit the scorpion but do no damage.
You claw the scorpion, but do no damage.
The scorpion is moderately wounded.
You feel sick. The bat barely misses you. The bat barely misses you.
The scorpion stings you.
Unknown command.
You barely miss the scorpion.
You claw the scorpion, but do no damage.
The scorpion is moderately wounded.
You hit the bat.
You kill the bat!
Trog accepts your kill.
You feel sick. The scorpion stings you! You block the scorpion's attack.
You hit the scorpion but do no damage.
The scorpion is moderately wounded.
You feel sick. The scorpion barely misses you.
Unknown command.
You hit the scorpion.
The scorpion is moderately wounded.
You die...

You could see a scorpion.

Vanquished Creatures
  Sigmund (D:2)
  2 bats
  A hobgoblin (D:2)
  2 giant newts (D:2)
  2 kobolds (D:2)
8 creatures vanquished.

Action                   |  1- 3 |  4- 6 || total
-------------------------+-------+-------++-------
Melee: Hand axe          |    28 |    16 ||    44
Invok: Berserk           |     1 |       ||     1

Vault maps used:
D:1:      dpeg_arrival_long_road, lemuel_flame_loot_1
D:2:      grunt_qazlal_sundering, uniq_jessica, uniq_sigmund, uniq_iyjb
D:3:      grunt_temple_overflow_opulence, fiery_altar_vehumet,
          grunt_ministairs_7
